[Event "94th FRA-ch Accession 2019"]
[Site "Chartres"]
[Date "2019.08.17"]
[Round "1.1"]
[White "Velten, Paul"]
[Black "Hutois, Mickael"]
[Result "1-0"]
[ECO "A47"]
[WhiteElo "2527"]
[BlackElo "2279"]
[Annotator "ChessBase"]
[PlyCount "73"]
[EventDate "2019.08.17"]
[EventType "swiss"]
[EventCountry "FRA"]
[SourceTitle "playchess.com"]
[Source "ChessBase"]
[SourceQuality "1"]
[TimeControl "40/5400+30:1800+30"]

1. d4 Nf6 2. Nf3 e6 3. e3 b6 4. Bd3 Bb7 5. O-O Be7 6. Nbd2 O-O 7. e4 d6 8. c4 Nbd7 9. b3 e5 10. Bb2 Nh5 11. Re1 Bf6 12. d5 g6 13. Nf1 a5 14. a3 Bg7 15. Ne3 Nc5 16. Bc2 Bc8 17. b4 Nb7 18. g3 Bh6 19. Qe2 Qe8 20. Nh4 f6 21. Bc3 Bd7 22. Neg2 Rf7 23. Nf5 Bf8 24. Bd2 Kh8 25. Nfh4 Ng7 26. f4 exf4 27. gxf4 Re7 28. Bc3 Qf7 29. Qf2 Kg8 30. f5 gxf5 31. exf5 Re5 32. Nf4 Nxf5 33. Ne6 Nxh4 34. Qxh4 Bxe6 35. dxe6 Qg7+ 36. Kh1 Rg5 37. Bxf6 1-0

[Event "94th FRA-ch Accession 2019"]
[Site "Chartres"]
[Date "2019.08.17"]
[Round "1.2"]
[White "Bacrot, Alexandre"]
[Black "Barseghyan, Harutyun"]
[Result "0-1"]
[ECO "B40"]
[WhiteElo "2272"]
[BlackElo "2519"]
[Annotator "ChessBase"]
[PlyCount "82"]
[EventDate "2019.08.17"]
[EventType "swiss"]
[EventCountry "FRA"]
[SourceTitle "playchess.com"]
[Source "ChessBase"]
[SourceQuality "1"]
[TimeControl "40/5400+30:1800+30"]

1. e4 c5 2. Nf3 e6 3. g3 d5 4. exd5 exd5 5. d4 Nf6 6. Bg2 Be7 7. O-O O-O 8. dxc5 Bxc5 9. Bg5 Nc6 10. Nbd2 h6 11. Bxf6 Qxf6 12. Nb3 Bb6 13. c3 Bf5 14. a4 a6 15. Nbd4 Be4 16. Re1 Rfd8 17. Nxc6 bxc6 18. a5 Ba7 19. Nd4 c5 20. Ne2 c4 21. Nf4 g5 22. Nh3 Bxg2 23. Kxg2 d4 24. Qg4 dxc3 25. bxc3 Rd2 26. Re2 Rxe2 27. Qxe2 Qxc3 28. Rd1 Qxa5 29. Qxc4 Qb5 30. Qc3 Re8 31. Rd6 Qb7+ 32. Qc6 Qxc6+ 33. Rxc6 Re6 34. Rc8+ Kg7 35. Ra8 Re7 36. Ng1 a5 37. Nf3 a4 38. Ne5 a3 39. Nc6 a2 40. Nxe7 a1=Q 41. Nc8 Qa6 0-1

[Event "94th FRA-ch Accession 2019"]
[Site "Chartres"]
[Date "2019.08.17"]
[Round "1.3"]
[White "Demuth, Adrien"]
[Black "Devallee, Jeremie"]
[Result "1-0"]
[ECO "E90"]
[WhiteElo "2495"]
[BlackElo "2270"]
[Annotator "ChessBase"]
[PlyCount "51"]
[EventDate "2019.08.17"]
[EventType "swiss"]
[EventCountry "FRA"]
[SourceTitle "playchess.com"]
[Source "ChessBase"]
[SourceQuality "1"]
[TimeControl "40/5400+30:1800+30"]

1. c4 g6 2. d4 Bg7 3. Nc3 Nf6 4. e4 O-O 5. Nf3 d6 6. h3 e5 7. d5 a5 8. g4 Nfd7 9. Be3 Na6 10. a3 Rb8 11. Rg1 Qe8 12. h4 Ndc5 13. h5 a4 14. Nd2 Bd7 15. Qf3 b5 16. h6 Bh8 17. cxb5 Bxb5 18. Nxb5 Rxb5 19. Bxb5 Qxb5 20. Bxc5 Nxc5 21. Rg3 c6 22. dxc6 d5 23. exd5 e4 24. Qe2 Qxb2 25. Rb1 Qd4 26. Qc4 1-0

[Event "94th FRA-ch Accession 2019"]
[Site "Chartres"]
[Date "2019.08.17"]
[Round "1.4"]
[White "Gertosio, Franck"]
[Black "Bailet, Pierre"]
[Result "1/2-1/2"]
[ECO "C55"]
[WhiteElo "2267"]
[BlackElo "2490"]
[Annotator "ChessBase"]
[PlyCount "59"]
[EventDate "2019.08.17"]
[EventType "swiss"]
[EventCountry "FRA"]
[SourceTitle "playchess.com"]
[Source "ChessBase"]
[SourceQuality "1"]
[TimeControl "40/5400+30:1800+30"]

1. e4 e5 2. Nf3 Nc6 3. Bc4 Nf6 4. d3 Be7 5. c3 O-O 6. Bb3 d5 7. Nbd2 h6 8. O-O Be6 9. Re1 dxe4 10. dxe4 Qd7 11. Bxe6 Qxe6 12. Qb3 Qxb3 13. axb3 a5 14. Nc4 Bd6 15. Nxd6 cxd6 16. Bd2 b5 17. Rad1 a4 18. bxa4 Rxa4 19. Bxh6 Na5 20. Bg5 Nxe4 21. Be7 Re8 22. Bxd6 Nxd6 23. Rxd6 Nc4 24. Rd5 Nxb2 25. h4 e4 26. Nd2 e3 27. fxe3 Rxh4 28. Rxb5 Nd3 29. Rd1 Rh1+ 30. Kxh1 1/2-1/2

[Event "94th FRA-ch Accession 2019"]
[Site "Chartres"]
[Date "2019.08.17"]
[Round "1.5"]
[White "Abergel, Thal"]
[Black "Malassagne, Raphael"]
[Result "1-0"]
[ECO "A12"]
[WhiteElo "2471"]
[BlackElo "2264"]
[Annotator "ChessBase"]
[PlyCount "63"]
[EventDate "2019.08.17"]
[EventType "swiss"]
[EventCountry "FRA"]
[SourceTitle "playchess.com"]
[Source "ChessBase"]
[SourceQuality "1"]
[TimeControl "40/5400+30:1800+30"]

1. Nf3 Nf6 2. c4 c6 3. b3 d5 4. Bb2 Bf5 5. g3 e6 6. Bg2 h6 7. O-O Be7 8. d3 O-O 9. Nbd2 a5 10. a3 Nbd7 11. Qb1 Re8 12. b4 axb4 13. axb4 Qb6 14. Bc3 Rxa1 15. Qxa1 Bxb4 16. Bxb4 Qxb4 17. Rb1 Qd6 18. Rxb7 e5 19. Nf1 Rb8 20. Rxb8+ Qxb8 21. Qa6 Qb2 22. N3d2 Bg4 23. Qxc6 Bxe2 24. Bxd5 Bxd3 25. Qc8+ Kh7 26. Bxf7 Qd4 27. Be6 Nc5 28. Bf5+ g6 29. Qc7+ Kg8 30. Nf3 Qc3 31. Nxe5 gxf5 32. Qf7+ 1-0

[Event "94th FRA-ch Accession 2019"]
[Site "Chartres"]
[Date "2019.08.17"]
[Round "1.6"]
[White "Fruchard, Cyrille"]
[Black "Bijaoui, Manuel"]
[Result "1/2-1/2"]
[ECO "E94"]
[WhiteElo "2261"]
[BlackElo "2433"]
[Annotator "NA"]
[PlyCount "107"]
[EventDate "2019.08.17"]
[EventType "swiss"]
[EventCountry "FRA"]
[SourceTitle "playchess.com"]
[Source "ChessBase"]
[SourceQuality "1"]
[TimeControl "40/5400+30:1800+30"]

1. d4 Nf6 2. c4 g6 3. Nc3 Bg7 4. e4 d6 5. Nf3 O-O 6. Be2 e5 7. O-O exd4 8. Nxd4 Re8 9. Bf3 Nbd7 10. Re1 Ne5 11. Be2 Nc6 12. Nxc6 bxc6 13. Bf1 Bb7 14. Bg5 h6 15. Bh4 c5 16. f3 Qb8 17. Qd2 Nd7 18. Rab1 a5 19. a4 Bc6 20. Nb5 Qb6 21. Kh1 Re6 22. Red1 Ne5 23. Be1 Bb7 24. Qc2 Nc6 25. Bc3 Nd4 26. Qd3 Nc6 27. Bxg7 Kxg7 28. Qc3+ Kh7 29. Rd2 Rae8 30. Rbd1 Nb4 31. Kg1 R8e7 32. Kf2 Qc6 33. Bd3 Qe8 34. Bb1 Kg8 35. g4 Re5 36. Qe3 g5 37. Qc3 h5 38. h3 Qf8 39. Kg2 Qh6 40. Qc1 R5e6 41. Nc3 Qh8 42. Rf2 Qe5 43. Nd5 Bxd5 44. exd5 Rh6 45. Bf5 hxg4 46. fxg4 Qe3 47. Rf3 Qxc1 48. Rxc1 Re2+ 49. Kg3 Rxb2 50. Rcf1 Re2 51. Be6 fxe6 52. Rf8+ Kg7 53. R8f7+ Kg8 54. R7f3 1/2-1/2

[Event "94th FRA-ch Accession 2019"]
[Site "Chartres"]
[Date "2019.08.18"]
[Round "2.1"]
[White "Debray, Christopher"]
[Black "Velten, Paul"]
[Result "1/2-1/2"]
[ECO "C01"]
[WhiteElo "2352"]
[BlackElo "2527"]
[Annotator "ChessBase"]
[PlyCount "73"]
[EventDate "2019.08.17"]
[EventType "swiss"]
[EventCountry "FRA"]
[SourceTitle "playchess.com"]
[Source "ChessBase"]
[SourceQuality "1"]
[TimeControl "40/5400+30:1800+30"]

1. e4 e6 2. d4 d5 3. exd5 exd5 4. Bd3 Nc6 5. c3 Bd6 6. Qf3 Be6 7. Ne2 Qd7 8. Bf4 Nf6 9. Bxd6 Qxd6 10. Qg3 Qxg3 11. hxg3 Ne7 12. Nf4 Bf5 13. Bxf5 Nxf5 14. Nd2 c6 15. O-O O-O 16. Rfe1 Rfe8 17. Nd3 h5 18. Re5 Rxe5 19. Nxe5 Re8 20. Re1 g6 21. Kf1 Kg7 22. a4 Rc8 23. Nd3 a5 24. Rb1 b6 25. b4 axb4 26. Rxb4 c5 27. Rxb6 cxd4 28. cxd4 Nxd4 29. Rb4 Nc6 30. Rb5 Nd4 31. Rb4 Nc6 32. Rb5 Ra8 33. Nc5 Nd4 34. Rb4 Nc6 35. Rb5 Nd4 36. Rb4 Nc6 37. Rb5 1/2-1/2

[Event "94th FRA-ch Accession 2019"]
[Site "Chartres"]
[Date "2019.08.18"]
[Round "2.2"]
[White "Barseghyan, Harutyun"]
[Black "Gatineau, Yovann"]
[Result "0-1"]
[ECO "E06"]
[WhiteElo "2519"]
[BlackElo "2363"]
[Annotator "ChessBase"]
[PlyCount "124"]
[EventDate "2019.08.17"]
[EventType "swiss"]
[EventCountry "FRA"]
[SourceTitle "playchess.com"]
[Source "ChessBase"]
[SourceQuality "1"]
[TimeControl "40/5400+30:1800+30"]

1. d4 Nf6 2. c4 e6 3. g3 d5 4. Nf3 Be7 5. Bg2 O-O 6. Nc3 dxc4 7. Ne5 Nc6 8. Bxc6 bxc6 9. Nxc6 Qe8 10. Nxe7+ Qxe7 11. Qa4 c5 12. dxc5 Qxc5 13. Be3 Qc7 14. O-O-O Ng4 15. Rd2 Nxe3 16. fxe3 Qc5 17. e4 Rb8 18. Rhd1 Bb7 19. Qd7 h6 20. Qd6 Qa5 21. Rd4 Rfc8 22. Qe7 Bc6 23. R1d2 e5 24. Rxc4 Bxe4 25. Rd7 Bg6 26. Rdc7 Rd8 27. Qc5 Qa6 28. Qc6 Rb6 29. Qa4 Rf6 30. b3 Qd6 31. Kb2 Qd2+ 32. Ka3 Qc1+ 33. Kb4 Rb6+ 34. Ka5 Qe3 35. R4c5 Bf5 36. b4 Be6 37. Qc2 g6 38. a4 Bc4 39. b5 Rd2 40. Nd1 Qxc5 41. Rxc5 Rxc2 42. Ne3 Rxe2 43. Nxc4 Re6 44. Rc7 Rc2 45. Kb4 e4 46. Rxa7 e3 47. Nxe3 Rxe3 48. b6 Rb2+ 49. Kc5 Rc3+ 50. Kd4 Rcb3 51. a5 Rb5 52. Kc3 Kg7 53. h4 Kf6 54. g4 R2b3+ 55. Kc2 R3b4 56. Kc3 Rxg4 57. b7 Kf5 58. a6 Rxh4 59. Ra8 Ra4 60. Rd8 Rb6 61. Rd5+ Ke6 62. Rc5 Raxa6 0-1

[Event "94th FRA-ch Accession 2019"]
[Site "Chartres"]
[Date "2019.08.18"]
[Round "2.3"]
[White "Boyer, Mahel"]
[Black "Demuth, Adrien"]
[Result "1/2-1/2"]
[ECO "C24"]
[WhiteElo "2341"]
[BlackElo "2495"]
[Annotator "ChessBase"]
[PlyCount "64"]
[EventDate "2019.08.17"]
[EventType "swiss"]
[EventCountry "FRA"]
[SourceTitle "playchess.com"]
[Source "ChessBase"]
[SourceQuality "1"]
[TimeControl "40/5400+30:1800+30"]

1. e4 e5 2. Bc4 Nf6 3. d3 c6 4. Nf3 d6 5. O-O Nbd7 6. a4 g6 7. c3 Bg7 8. Ba2 O-O 9. Re1 Qc7 10. d4 b6 11. Nbd2 Bb7 12. Qc2 a6 13. b4 b5 14. Nb3 c5 15. dxe5 dxe5 16. Nxc5 Nxc5 17. bxc5 Nd7 18. c6 Bxc6 19. Ba3 bxa4 20. Bxf8 Rxf8 21. Bd5 Bxd5 22. exd5 Nc5 23. Rad1 Rd8 24. c4 h6 25. g3 Qd6 26. Re2 f5 27. Kg2 Nb3 28. c5 Nxc5 29. Nxe5 Bxe5 30. Rxe5 Qxe5 31. Qxc5 a3 32. Qxa3 Rd6 1/2-1/2

[Event "94th FRA-ch Accession 2019"]
[Site "Chartres"]
[Date "2019.08.18"]
[Round "2.4"]
[White "Philippe, Guillaume"]
[Black "Abergel, Thal"]
[Result "0-1"]
[ECO "B30"]
[WhiteElo "2321"]
[BlackElo "2471"]
[Annotator "ChessBase"]
[PlyCount "144"]
[EventDate "2019.08.17"]
[EventType "swiss"]
[EventCountry "FRA"]
[SourceTitle "playchess.com"]
[Source "ChessBase"]
[SourceQuality "1"]
[TimeControl "40/5400+30:1800+30"]

1. e4 c5 2. Nf3 d6 3. g3 Nf6 4. d3 Nc6 5. Bg2 e5 6. O-O Be7 7. Re1 O-O 8. c3 Re8 9. a3 Bf8 10. b4 a6 11. Nbd2 b5 12. Bb2 Bb7 13. Qb3 Rb8 14. Nf1 a5 15. Ne3 cxb4 16. cxb4 a4 17. Qc2 d5 18. exd5 Nxd5 19. Rad1 Rc8 20. Qb1 Nxe3 21. Rxe3 f6 22. d4 exd4 23. Bxd4 Nxd4 24. Rxd4 Qc7 25. Rxe8 Rxe8 26. Qd1 Qf7 27. Nd2 Bxg2 28. Kxg2 Qb7+ 29. Nf3 Qc6 30. Qd3 Re1 31. Qd2 Rb1 32. Rd3 Rb3 33. Qe3 Qc4 34. Ne1 g5 35. h3 h5 36. Qf3 Qe6 37. Qxh5 Qe4+ 38. Qf3 Qxe1 39. Rxb3 axb3 40. Qxb3+ Kg7 41. Qf3 Qe5 42. Qb7+ Be7 43. Qd7 Kf7 44. Qd3 f5 45. Qd1 f4 46. gxf4 gxf4 47. Qf3 Ke6 48. Qc6+ Bd6 49. Qe8+ Kf6 50. Qc6 Kg5 51. Qb7 Kf5 52. Qh7+ Ke6 53. Qg8+ Kd7 54. Qa8 Qg5+ 55. Kf3 Qh5+ 56. Kg2 Qg6+ 57. Kf3 Qd3+ 58. Kg2 Bc7 59. Qb7 Kd6 60. h4 Qg6+ 61. Kf1 Qh5 62. Kg2 Qg4+ 63. Kf1 Qh3+ 64. Ke2 Qg4+ 65. Kf1 Qxh4 66. Qxb5 Qh3+ 67. Ke2 Qxa3 68. Qc5+ Kd7 69. Qd5+ Kc8 70. Qe6+ Kb8 71. Qe8+ Ka7 72. Qc6 Qa6+ 0-1

[Event "94th FRA-ch Accession 2019"]
[Site "Chartres"]
[Date "2019.08.18"]
[Round "2.5"]
[White "Pucher, Sebastien"]
[Black "Lamard, Guillaume"]
[Result "0-1"]
[ECO "E07"]
[WhiteElo "2316"]
[BlackElo "2419"]
[Annotator "NA"]
[PlyCount "72"]
[EventDate "2019.08.17"]
[EventType "swiss"]
[EventCountry "FRA"]
[SourceTitle "playchess.com"]
[Source "ChessBase"]
[SourceQuality "1"]
[TimeControl "40/5400+30:1800+30"]

1. c4 e6 2. g3 Nf6 3. b3 d5 4. Nf3 Be7 5. Bg2 O-O 6. O-O c6 7. d4 Nbd7 8. Bb2 a5 9. Qc2 Ne4 10. Ne1 b5 11. Bxe4 dxe4 12. cxb5 cxb5 13. Qxe4 Ba6 14. Nd2 Nf6 15. Qd3 a4 16. Rc1 Nd5 $14 17. Nc2 Qb6 18. e4 Nf6 19. Ne3 Rfd8 20. d5 Bb7 21. Bd4 Qa6 22. Bc5 Bd6 23. b4 exd5 24. exd5 Be5 25. Nf3 Bb2 26. Rc2 Bxd5 27. Nxd5 Rxd5 28. Qe2 Re8 29. Be3 a3 30. Rd1 Qe6 31. Rcd2 Rxd2 32. Rxd2 Qxa2 33. Qxb5 Qb1+ 34. Kg2 a2 35. Rxb2 Qxb2 36. Bd4 Qxd4 0-1

[Event "94th FRA-ch Accession 2019"]
[Site "Chartres"]
[Date "2019.08.18"]
[Round "2.6"]
[White "Maurizzi, Marc Andria"]
[Black "Willems, Niels"]
[Result "1-0"]
[ECO "B12"]
[WhiteElo "2419"]
[BlackElo "2351"]
[Annotator "NA"]
[PlyCount "47"]
[EventDate "2019.08.17"]
[EventType "swiss"]
[EventCountry "FRA"]
[SourceTitle "playchess.com"]
[Source "ChessBase"]
[SourceQuality "1"]
[TimeControl "40/5400+30:1800+30"]

1. e4 c6 2. d4 d5 3. e5 c5 4. dxc5 Nc6 5. a3 e6 6. Nf3 Bxc5 7. b4 Bb6 8. Bd3 Nge7 9. O-O Ng6 10. Bb2 O-O 11. Re1 Bc7 12. Nbd2 f6 13. Bxg6 hxg6 $16 14. c4 dxc4 15. Nxc4 b5 16. Nd6 a6 17. Nxc8 Qxc8 18. Rc1 Ne7 19. exf6 gxf6 20. Qb3 Nd5 21. Nd4 Nf4 22. Nxe6 Nxe6 23. Rxe6 Rf7 24. Rxf6 1-0

[Event "94th FRA-ch Accession 2019"]
[Site "Chartres"]
[Date "2019.08.19"]
[Round "3.1"]
[White "Abergel, Thal"]
[Black "Housieaux, David"]
[Result "1/2-1/2"]
[ECO "A13"]
[WhiteElo "2471"]
[BlackElo "2402"]
[Annotator "ChessBase"]
[PlyCount "117"]
[EventDate "2019.08.17"]
[EventType "swiss"]
[EventCountry "FRA"]
[SourceTitle "playchess.com"]
[Source "ChessBase"]
[SourceQuality "1"]
[TimeControl "40/5400+30:1800+30"]

1. Nf3 e6 2. c4 Nf6 3. g3 d5 4. Bg2 dxc4 5. Qa4+ Nbd7 6. Qxc4 a6 7. Qb3 c5 8. Nc3 Qc7 9. d3 Bd6 10. O-O O-O 11. Ng5 Rb8 12. Nce4 Nxe4 13. Nxe4 Be7 14. Bf4 e5 15. Be3 b6 16. f4 Bb7 17. fxe5 Nxe5 18. Bf4 Bd6 19. Rac1 Bxe4 20. Bxe4 Nc6 21. Qd5 Bxf4 22. Rxf4 Rbc8 23. Rcf1 Ne5 24. Qb7 Qxb7 25. Bxb7 Rc7 26. Be4 Rd8 27. Rc1 Re7 28. a3 a5 29. Bg2 Ng6 30. Re4 f5 31. Rxe7 Nxe7 32. b4 axb4 33. axb4 cxb4 34. Rc4 b3 35. Rb4 Rd6 36. Rxb3 Kf7 37. Rb5 Ke6 38. Kf2 Ng6 39. Bh3 Ne7 40. e4 Rxd3 41. exf5+ Kf6 42. Rxb6+ Kg5 43. f6 gxf6 44. Rb2 Ng6 45. Bf1 Ne5 46. Be2 h5 47. Rb8 Ng4+ 48. Ke1 Ra3 49. Rg8+ Kf5 50. h3 Ra1+ 51. Kd2 Ra2+ 52. Kd3 Ne5+ 53. Ke3 Ra3+ 54. Kf2 h4 55. gxh4 Rxh3 56. h5 Kf4 57. Kg2 Rh4 58. Ra8 f5 59. Ra4+ 1/2-1/2

[Event "94th FRA-ch Accession 2019"]
[Site "Chartres"]
[Date "2019.08.19"]
[Round "3.2"]
[White "Lamard, Guillaume"]
[Black "Ollier, Pablo"]
[Result "1-0"]
[ECO "A17"]
[WhiteElo "2419"]
[BlackElo "2382"]
[Annotator "NA"]
[PlyCount "123"]
[EventDate "2019.08.17"]
[EventType "swiss"]
[EventCountry "FRA"]
[SourceTitle "playchess.com"]
[Source "ChessBase"]
[SourceQuality "1"]
[TimeControl "40/5400+30:1800+30"]

1. Nf3 Nf6 2. c4 e6 3. Nc3 Bb4 4. Qc2 c5 5. a3 Ba5 6. e3 O-O 7. Be2 d5 8. cxd5 exd5 9. d4 c4 10. O-O Nc6 11. Ne5 Qe8 12. f4 Bxc3 13. bxc3 Ne4 14. a4 f6 15. Nf3 Qg6 16. f5 Qxf5 17. Nd2 Qe6 18. Nxe4 dxe4 19. a5 Qd5 20. Ra4 Nxa5 21. Qa2 b6 22. Rxa5 Qxa5 23. Bxc4+ Kh8 24. Qxa5 bxa5 25. Ba3 Re8 26. Bb5 Rd8 27. Bc6 Ba6 28. Rf5 Rac8 29. Rc5 Bd3 30. d5 a4 31. Ra5 Rb8 32. Rxa4 Bb5 33. Bxb5 Rxb5 34. c4 Rb3 35. Kf2 Rc3 36. d6 Kg8 37. c5 Kf7 38. Rxa7+ Ke6 39. Re7+ Kd5 40. Bb4 Rc2+ 41. Kg3 Kc6 42. Rxe4 Rd7 43. Kf3 Ra7 44. Rd4 Kd7 45. Re4 Kc6 46. Rd4 Rb7 47. h4 Rb2 48. Ba5 R2b5 49. Bb6 Kd7 50. Ra4 h5 51. Ba7 Rb4 52. Ra6 Rc4 53. Bb6 Rxh4 54. e4 Rh1 55. Ra8 Rf1+ 56. Kg3 Rb1 57. Rd8+ Kc6 58. Rc8+ Kb5 59. c6 Rxb6 60. c7 Rb3+ 61. Kh2 Rc3 62. d7 1-0

[Event "94th FRA-ch Accession 2019"]
[Site "Chartres"]
[Date "2019.08.19"]
[Round "3.3"]
[White "Gatineau, Yovann"]
[Black "Maurizzi, Marc Andria"]
[Result "1-0"]
[ECO "A09"]
[WhiteElo "2363"]
[BlackElo "2419"]
[Annotator "NA"]
[PlyCount "57"]
[EventDate "2019.08.17"]
[EventType "swiss"]
[EventCountry "FRA"]
[SourceTitle "playchess.com"]
[Source "ChessBase"]
[SourceQuality "1"]
[TimeControl "40/5400+30:1800+30"]

1. Nf3 d5 2. c4 d4 3. b4 Bg4 4. Qb3 Nf6 5. Bb2 Bxf3 6. Qxf3 c6 7. e3 e5 8. exd4 exd4 9. c5 a5 10. a3 axb4 11. axb4 Rxa1 12. Bxa1 Qd5 13. Qf4 Qe6+ 14. Kd1 Qb3+ 15. Kc1 Nbd7 16. Qxd4 b6 17. Bc4 Qa4 18. Re1+ Kd8 19. cxb6 Qxb4 20. Bxf7 Qxb6 21. Qxb6+ Nxb6 22. Re6 Kd7 23. Rxf6 gxf6 24. Bxf6 Ba3+ 25. Nxa3 Rf8 26. Bd4 c5 27. Bxc5 Rc8 28. d4 Na4 29. Nc4 1-0

[Event "94th FRA-ch Accession 2019"]
[Site "Chartres"]
[Date "2019.08.19"]
[Round "3.4"]
[White "Stephan, Victor"]
[Black "Le Corre, Benjamin"]
[Result "1-0"]
[ECO "A57"]
[WhiteElo "2413"]
[BlackElo "2281"]
[Annotator "NA"]
[PlyCount "115"]
[EventDate "2019.08.17"]
[EventType "swiss"]
[EventCountry "FRA"]
[SourceTitle "playchess.com"]
[Source "ChessBase"]
[SourceQuality "1"]
[TimeControl "40/5400+30:1800+30"]

1. d4 Nf6 2. c4 c5 3. d5 b5 4. a4 b4 5. Qc2 g6 6. e4 d6 7. f4 Bg7 8. Bd3 O-O 9. Nf3 Nbd7 10. O-O Rb8 11. h3 e6 12. f5 exf5 13. exf5 Re8 14. Bg5 Ne5 15. Nxe5 Rxe5 16. Nd2 b3 17. Nxb3 Bxf5 18. Bxf5 Rxf5 19. Rxf5 gxf5 20. Rf1 h6 21. Bh4 Qd7 22. Nd2 Re8 23. Rxf5 Nh7 24. Rf1 Re2 25. Qd3 Re3 26. Qc2 Re2 27. b3 Qe8 28. Qd3 Nf8 29. Nf3 Ng6 30. Bg3 Re3 31. Qf5 Ne5 32. Nxe5 Bxe5 33. Qg4+ Kh8 34. Bf4 Rxb3 35. Bxh6 Rg3 36. Qh4 Kg8 37. Bf4 Bxf4 38. Rxf4 Qe3+ 39. Kh2 Rg6 40. Re4 Qh6 41. Qxh6 Rxh6 42. Re7 Rf6 43. Kg3 Rf1 44. Rxa7 Rc1 45. Rd7 Rxc4 46. a5 Ra4 47. Rxd6 Rxa5 48. Kf4 Kf8 49. Rc6 Ke7 50. Ke5 Kd7 51. Rf6 Ke8 52. Rb6 c4 53. Kd6 f5 54. Ke6 Kd8 55. Rd6+ Ke8 56. Rc6 Kd8 57. Rxc4 Ra2 58. g4 1-0

[Event "94th FRA-ch Accession 2019"]
[Site "Chartres"]
[Date "2019.08.19"]
[Round "3.5"]
[White "Cotonnec, Melkior"]
[Black "Velten, Paul"]
[Result "0-1"]
[ECO "E15"]
[WhiteElo "2299"]
[BlackElo "2527"]
[Annotator "ChessBase"]
[PlyCount "48"]
[EventDate "2019.08.17"]
[EventType "swiss"]
[EventCountry "FRA"]
[SourceTitle "playchess.com"]
[Source "ChessBase"]
[SourceQuality "1"]
[TimeControl "40/5400+30:1800+30"]

1. d4 Nf6 2. c4 e6 3. g3 d5 4. Nf3 Bb4+ 5. Bd2 Be7 6. Bg2 O-O 7. O-O c6 8. Qc2 b6 9. Bf4 Ba6 10. b3 Nbd7 11. Rd1 Rc8 12. Ne5 c5 13. Nxd7 Qxd7 14. dxc5 Bxc5 15. Nc3 Qe7 16. cxd5 Ng4 17. d6 Bxf2+ 18. Kh1 Qf6 19. Rac1 Bd4 20. Ne4 Nf2+ 21. Nxf2 Rxc2 22. Ne4 Qg6 23. Rxc2 e5 24. Rc7 Bxe2 0-1

[Event "94th FRA-ch Accession 2019"]
[Site "Chartres"]
[Date "2019.08.20"]
[Round "4.1"]
[White "Stephan, Victor"]
[Black "Lamard, Guillaume"]
[Result "1/2-1/2"]
[ECO "E32"]
[WhiteElo "2413"]
[BlackElo "2419"]
[Annotator "NA"]
[PlyCount "106"]
[EventDate "2019.08.17"]
[EventType "swiss"]
[EventCountry "FRA"]
[SourceTitle "playchess.com"]
[Source "ChessBase"]
[SourceQuality "1"]
[TimeControl "40/5400+30:1800+30"]

1. d4 Nf6 2. c4 e6 3. Nc3 Bb4 4. Qc2 O-O 5. Nf3 d6 6. g3 b6 7. Bg2 Bb7 8. O-O Bxc3 9. Qxc3 Nbd7 10. b4 a5 11. b5 Re8 12. Rd1 Qc8 13. Ba3 e5 14. dxe5 Nxe5 15. Bb2 Nxf3+ 16. exf3 Qf5 17. Rd3 Re2 18. Re3 Re8 19. Rxe8+ Nxe8 20. Re1 Rxe1+ 21. Qxe1 Kf8 22. f4 Bxg2 23. Kxg2 Qc2 24. Qc3 Qe4+ 25. f3 Qe2+ 26. Kg1 h5 27. a3 h4 28. gxh4 Nf6 29. Bc1 Nd7 30. h5 f6 31. Bd2 Qe8 32. Qe3 Qxh5 33. Qe6 Qf7 34. Qe4 Nc5 35. Qf5 Ke7 36. Qg4 f5 37. Qg5+ Kd7 38. Be3 Ne6 39. Qh4 Nd8 40. Qh8 Qf6 41. Kf2 Ne6 42. Qg8 Ke7 43. Qh7 Qb2+ 44. Kg3 Qc3 45. Bf2 Kf6 46. Qh4+ Kg6 47. Qe7 Qxc4 48. Be3 Qb3 49. Bf2 Kh7 50. Qe8 Qd5 51. h4 Qc4 52. Be3 Qb3 53. Bf2 Qc4 1/2-1/2

[Event "94th FRA-ch Accession 2019"]
[Site "Chartres"]
[Date "2019.08.20"]
[Round "4.2"]
[White "Demuth, Adrien"]
[Black "Gatineau, Yovann"]
[Result "1-0"]
[ECO "B45"]
[WhiteElo "2495"]
[BlackElo "2363"]
[Annotator "ChessBase"]
[PlyCount "125"]
[EventDate "2019.08.17"]
[EventType "swiss"]
[EventCountry "FRA"]
[SourceTitle "playchess.com"]
[Source "ChessBase"]
[SourceQuality "1"]
[TimeControl "40/5400+30:1800+30"]

1. e4 c5 2. Nf3 e6 3. d4 cxd4 4. Nxd4 Nf6 5. Nc3 Nc6 6. Nxc6 bxc6 7. e5 Nd5 8. Ne4 Qc7 9. f4 Qb6 10. c4 Bb4+ 11. Ke2 f5 12. exf6 Nxf6 13. Be3 Qd8 14. Nd6+ Bxd6 15. Qxd6 c5 16. Qxc5 Bb7 17. Rd1 Be4 18. Qa3 Kf7 19. Kf2 Rf8 20. Be2 Ng4+ 21. Kg1 Qh4 22. h3 Nf6 23. Kh2 Nh5 24. Bxh5+ Qxh5 25. Rxd7+ Kg8 26. Qe7 Qg6 27. Qg5 Qxg5 28. fxg5 Rf7 29. Rhd1 a5 30. Rxf7 Kxf7 31. Rd7+ Kg6 32. g4 h6 33. Rd6 Re8 34. gxh6 gxh6 35. Ra6 h5 36. gxh5+ Kxh5 37. Rxa5+ Kg6 38. b4 e5 39. Bf2 Bd3 40. c5 Be4 41. Ra6+ Kf5 42. c6 Ke6 43. Bg3 Kd6 44. b5 Rf8 45. Be1 Rg8 46. Bg3 Rf8 47. a4 Rf1 48. c7+ Kxc7 49. Bxe5+ Kb7 50. Kg3 Rf5 51. Bd4 Rd5 52. Be3 Rf5 53. Bd4 Rd5 54. Be3 Rf5 55. Bf4 Rc5 56. h4 Rc2 57. Be5 Rc5 58. Ra7+ Kxa7 59. Bd4 Kb6 60. h5 Ka5 61. Bxc5 Kxa4 62. Kf4 Bh7 63. b6 1-0

[Event "94th FRA-ch Accession 2019"]
[Site "Chartres"]
[Date "2019.08.20"]
[Round "4.3"]
[White "Velten, Paul"]
[Black "Di Nicolantonio, Lucas"]
[Result "1/2-1/2"]
[ECO "D43"]
[WhiteElo "2527"]
[BlackElo "2394"]
[Annotator "ChessBase"]
[PlyCount "100"]
[EventDate "2019.08.17"]
[EventType "swiss"]
[EventCountry "FRA"]
[SourceTitle "playchess.com"]
[Source "ChessBase"]
[SourceQuality "1"]
[TimeControl "40/5400+30:1800+30"]

1. d4 d5 2. c4 e6 3. Nf3 Nf6 4. Nc3 c6 5. Bg5 h6 6. Bxf6 Qxf6 7. e3 Nd7 8. Be2 g6 9. O-O Bg7 10. cxd5 exd5 11. b4 a6 12. a4 O-O 13. Qb3 Rd8 14. b5 a5 15. Rac1 Qd6 16. Rfd1 Nf8 17. Nb1 Ne6 18. Nbd2 Bd7 19. bxc6 bxc6 20. Qa2 c5 21. Qa3 Bf8 22. dxc5 Nxc5 23. Bb5 Bxb5 24. axb5 Qb6 25. Rb1 a4 26. Qa2 Bg7 27. Qa3 Bf8 28. Qa2 Bg7 29. Qa3 Ra5 30. Qb4 a3 31. Nd4 Ra4 32. Qc3 a2 33. Ra1 Ne6 34. Qb3 Nxd4 35. exd4 Qxd4 36. Rxa2 Rb4 37. Qf3 Rxb5 38. Nf1 Qf6 39. Qxf6 Bxf6 40. Rad2 d4 41. Rd3 h5 42. Nd2 Kg7 43. g3 Rb4 44. h4 Rc8 45. Kf1 Rc3 46. Ne4 Rxd3 47. Rxd3 Bd8 48. Ke2 f6 49. Ra3 Bb6 50. Kd3 Kf7 1/2-1/2